 Dungeon Crawl Stone Soup version 0.31-a0-233-g139696dc86 (webtiles) character file.

Game seed: 12254836844735999756

151 qw the Shooter (level 5, -1/31 HPs)
             Began as a Gargoyle Hexslinger on July 9, 2023.
             Shot with an arrow by a centaur (7 damage)
             ... on level 3 of the Dungeon.
             The game lasted 00:01:02 (2186 turns).

qw the Shooter (Gargoyle Hexslinger)                Turns: 2186, Time: 00:01:03

Health: -1/31      AC:  8    Str: 12    XL:     5   Next: 33%
Magic:  6/6        EV: 11    Int: 13    God:
Gold:   190        SH:  0    Dex: 14    Spells: 5/6 levels left

rFire   . . .        Y - +1 sling
rCold   . . .        (no shield)
rNeg    + . .        d - +0 leather armour
rPois   inf          f - +0 helmet
rElec   +            (no cloak)
rCorr   .            (no gloves)
SInv    .            (no boots)
Will    .....        (no amulet)
Stlth   +            (no ring)
HPRegen 0.25/turn    (no ring)
MPRegen 0.10/turn

%: no passive effects
@: about to teleport
A: sickness immunity, AC +4, negative energy resistance 1, electricity
resistance, torment resistance 1, petrification resistance
a: no special abilities


You were on level 3 of the Dungeon.
You visited 1 branch of the dungeon, and saw 3 of its levels.

You collected 190 gold pieces.


Innate Abilities, Weirdness & Mutations

You are immune to sickness and miasma.
Your stone body is resilient. (AC +4)
You are immune to poison.
You resist negative energy. (rN+)
You are resistant to electric shocks. (rElec)
You are resistant to unholy torment.
You are immune to petrification.


   Skills:
 + Level 2.3 Fighting
 - Level 5.0 Ranged Weapons
 - Level 1.5 Dodging
 - Level 1.0 Spellcasting
 - Level 2.6 Hexes


You had 5 spell levels left.
You knew the following spells:

 Your Spells              Type           Power      Damage    Failure   Level
a - Slow                  Hex            28%        N/A       12%         1

Your spell library contained the following spells:

 Spells                   Type           Power      Damage    Failure   Level
 Inner Flame              Hex/Fire       4%         N/A       52%         3
 Portal Projectile        Hex/Tloc       8%         N/A       52%         3
 Cause Fear               Hex            3%         N/A       75%         4

Inventory:

Hand Weapons
 Y - a +1 sling (weapon)
Armour
 d - a +0 leather armour (worn)
 f - a +0 helmet (worn)
Jewellery
 g - the ring "Quunkesk" {Contam Fly Will+ rCorr Slay+3}
   (You found it on level 3 of the Dungeon)

   [ring of flight]

   Slay:      It affects your accuracy & damage with ranged weapons and melee
   (+3).
   Fly:       It grants you flight.
   Contam:    It causes magical contamination when unequipped.
   rCorr:     It protects you from acid and corrosion.
   Will:      It increases your willpower.
Scrolls
 b - a scroll of silence {unknown}
 l - a scroll of identify
Potions
 c - a potion of attraction {unknown}
 e - a potion of magic {unknown}
 h - 3 potions of heal wounds {unknown}
 i - 2 potions of curing {unknown}
 k - a potion of lignification {unknown}

Dungeon Overview and Level Annotations

Branches:
Dungeon (3/15)

Altars:

Annotations:
D:3 3 runed translucent doors, qw's ghost, amateur GrHs


Message History

You shoot a sling bullet.
The sling bullet hits the kobold but does no damage.
You shoot a sling bullet. The sling bullet hits the kobold!
You kill the kobold!
A centaur comes into view.
Enter note:
Enter note:
Enter note:
Enter note:
Enter note:
Enter note: You shoot a sling bullet.
The sling bullet hits the centaur but does no damage.
The centaur shouts!
The centaur wields a +0 orcbow.
The centaur shoots an arrow.
The arrow closely misses you.
You shoot a sling bullet.
The sling bullet hits the centaur but does no damage.
The centaur shoots an arrow.
The arrow hits you!
The centaur shoots an arrow.
The arrow hits you!
You shoot a sling bullet.
The sling bullet barely misses the centaur.
The centaur shoots an arrow.
The arrow barely misses you.
You shoot a sling bullet.
The sling bullet hits the centaur but does no damage.
The centaur shoots an arrow.
The arrow hits you!
The centaur shoots an arrow.
The arrow closely misses you.
2183 ||| READING scroll of teleportation.
As you read the scroll of teleportation, it crumbles to dust.
You feel strangely unstable.
You shoot a sling bullet. The sling bullet hits the centaur.
The centaur is lightly wounded.
The centaur shoots an arrow.
The arrow closely misses you.
You shoot a sling bullet.
The sling bullet closely misses the centaur.
The centaur shoots an arrow.
The arrow completely misses you.
You shoot a sling bullet. The sling bullet hits the centaur.
The centaur is lightly wounded.
The centaur shoots an arrow.
The arrow hits you!
You die...

.......# #.. #........
.......# #.# #........
.......# #.#
###........ ########
##.# ###..........
######
#..###...#.#######
#....##### #...##.###.#
#####....#Z#.#.#.#..#.#
#.#
......<..#W....#......#
#.#
#####....+Z..!##@##.###
#.# ##...+Z.$$.#.##...#
#.# #
##..+Z...##.####.###.#
# #..#.....#c# #..##.#
# ##.##.#.#.#.# ##....#
######.)#### # #.#
###..# #....).## ...
#..# ....#### ... #).#
.). ##.#


You could see a centaur.

Vanquished Creatures
  3 adders
  4 gnolls
  3 worms (D:3)
  3 dart slugs (D:2)
  7 ball pythons
  6 endoplasms
  4 giant cockroaches
  8 goblins
  9 hobgoblins
  4 jackals (D:1)
  3 quokkas
  4 bats
  2 frilled lizards (D:3)
  3 kobolds
  6 rats
69 creatures vanquished.

Notes
Turn   | Place    | Note
-------+----------+-------------------------------------------
     0 | D:1      | qw the Gargoyle Hexslinger began the quest for the Orb.
     0 | D:1      | Reached XP level 1. HP: 12/12 MP: 2/2
     0 | D:1      | 0 ||| qw: Version: 0.3-a-51-g015441d
     0 | D:1      | 0 ||| qw: Game counter: 3990
     0 | D:1      | 0 ||| qw: Melee chars always use a shield: true
     0 | D:1      | 0 ||| qw: God list: Okawaru
     0 | D:1      | 0 ||| qw: Allow faded altars: false
     0 | D:1      | 0 ||| qw: Do Orc after clearing Dungeon:15 true
     0 | D:1      | 0 ||| qw: Do second Lair branch before Depths: true
     0 | D:1      | 0 ||| qw: Lair rune preference: random
     0 | D:1      | 0 ||| qw: Goals: Normal
     0 | D:1      | 0 ||| PLANNING D:1-11
    71 | D:1      | Reached XP level 2. HP: 10/16 MP: 3/3
   158 | D:1      | Reached skill level 3 in Ranged Weapons
   356 | D:1      | Reached XP level 3. HP: 21/21 MP: 4/4
   817 | D:1      | 817 ||| UPGRADING to +0 leather armour.
   827 | D:1      | 827 ||| DROPPING +0 robe.
   828 | D:1      | 828 ||| DROPPING scroll of poison.
   846 | D:2      | 846 ||| STAIRDANCE
   884 | D:2      | 884 ||| STAIRDANCE
   895 | D:1      | Reached XP level 4. HP: 19/26 MP: 5/5
   964 | D:2      | Reached skill level 4 in Ranged Weapons
  1694 | D:2      | 1694 ||| UPGRADING to +0 helmet.
  1699 | D:2      | 1699 ||| DROPPING +6 ring of intelligence.
  1700 | D:2      | 1700 ||| DROPPING ring of wizardry.
  1701 | D:2      | 1701 ||| READING scroll labelled UJUATZ ONEDGH.
  1702 | D:2      | 1702 ||| READING scroll labelled JYGAOJ USUN.
  1703 | D:2      | 1703 ||| READING 2 scrolls labelled USASTY MOOST.
  1704 | D:2      | 1704 ||| READING scroll labelled UDUAGEITEEL.
  1725 | D:3      | Found a runed translucent gate.
  1725 | D:3      | Found a runed translucent gate.
  1725 | D:3      | Found a runed translucent gate.
  1726 | D:3      | Noticed qw's ghost (amateur GrHs)
  1743 | D:3      | 1743 ||| FLEEEEING.
  1744 | D:3      | 1744 ||| FLEEEEING.
  1751 | D:3      | Reached XP level 5. HP: 19/30 MP: 6/6
  1756 | D:3      | HP: 5/30 [gnoll/+0 spear (3)]
  1759 | D:3      | 1759 ||| FLEEEEING.
  1760 | D:3      | 1760 ||| FLEEEEING.
  1761 | D:3      | 1761 ||| FLEEEEING.
  1762 | D:3      | 1762 ||| FLEEEEING.
  1763 | D:3      | 1763 ||| FLEEEEING.
  1764 | D:3      | 1764 ||| STAIRDANCE
  1920 | D:3      | Reached skill level 5 in Ranged Weapons
  2030 | D:3      | Identified the ring "Quunkesk" {Contam Fly Will+ rCorr
                  | Slay+3}
  2178 | D:3      | Noticed a centaur
  2182 | D:3      | HP: 5/31 [centaur/arrow (7)]
  2183 | D:3      | 2183 ||| READING scroll of teleportation.
  2186 | D:3      | Shot with an arrow by a centaur

Levels and vault maps discovered:
D:1:      scummos_arrival_checkerplants, layout_basic,
          minmay_misc_feat_four_crosses
D:2:      layout_loops_ring, kennysheep_nondescript, kennysheep_potato
D:3:      layout_rooms, gammafunk_ghost_necromancy

Skill      XL: |  1  2  3  4  5 |
---------------+----------------+-----
Ranged Weapons | 3 4 5 |  5.0
Fighting       | 2 |  2.3
Dodging        | |  1.5
Spellcasting   | |  1.0
Hexes          | |  2.6

Action                     |  1- 3 |  4- 6 || total
---------------------------+-------+-------++-------
   Fire: Sling             |   134 |   138 ||   272
    Use: Scroll            |       |     5 ||     5
 Armour: Robe              |    15 |       ||    15
         Leather armour    |    12 |    17 ||    29
  Dodge: Dodged            |    43 |    38 ||    81

Table legend:
 A = Non-vault XP
 B = Vault XP
 C = Vault XP percentage of total XP
 D = Non-vault monster count
 E = Vault monster count
 F = Vault count percentage of total count
                 A         B        C        D         E       F
            +---------+---------+-------+---------+---------+-------
      Total |     211 |       6 |   2.8 |      65 |       4 |   5.8
            +---------+---------+-------+---------+---------+-------
        D:1 |      85 |       0 |   0.0 |      36 |       0 |   0.0
        D:2 |      53 |       6 |  10.2 |      13 |       4 |  23.5
        D:3 |      73 |       0 |   0.0 |      16 |       0 |   0.0
            +---------+---------+-------+---------+---------+-------
